Map: Wintertor LE

Players

Madengang

  • Race: Zerg Zerg
  • League: Platinum
  • Spawn Location: 5:00

KycTuk - Winner!

  • Race: Protoss Protoss
  • League: Diamond
  • Spawn Location: 11:00

VOD

Have the link to the VOD?

Description

Time

  • Played on: Aug. 29, 2019, 11:20 a.m.
  • Length: 11:03
Show
View Real Time Build Order
Export as new Build Order

Madengang Zerg 

Build Orders: Hatch First 

Get SALT Encoding   

  12  0:01  Drone  
  13  0:13  Overlord  
  13  0:21  Drone  
  14  0:33  Drone x2  
  16  0:39  Drone  
  17  0:54  Hatchery  
  17  0:57  Drone  
  17  0:59  Extractor  
  17  1:01  Drone  
  17  1:17  Drone  
  18  1:23  Spawning Pool  
  18  1:25  Drone  
  18  1:49  Drone  
  18  1:52  Drone x2  
  21  2:05  Hatchery  
  20  2:12  Zergling x2  
  20  2:13  Zergling x4  
  23  2:15  Queen  
  23  2:19  Zergling x2  
  26  2:25  Metabolic Boost  
  26  2:28  Zergling x2  
  27  2:33  Zergling x2  
  28  2:59  Overlord  
  28  3:15  Hatchery  
  26  3:25  Spine Crawler  
  24  3:29  Spine Crawler  
  24  3:31  Zergling x4  
  24  3:32  Zergling x4  
  26  3:35  Drone x3  
  26  3:39  Drone x2  
  31  3:52  Zergling x4  
  32  3:56  Zergling x6  
  34  4:08  Spine Crawler  
  33  4:11  Zergling x4  
  33  4:12  Zergling x4  
  33  4:13  Zergling x2  
  37  4:23  Drone x2  
  37  4:24  Drone x2  
  39  4:26  Zergling x2  
  40  4:38  Zergling x2  
  34  4:54  Drone x5  
  34  4:55  Drone x2  
  34  4:59  Lair  
  40  5:02  Queen  
  42  5:17  Evolution Chamber  
  41  5:22  Baneling Nest, Drone  
  41  5:23  Drone  
  41  5:24  Overlord x2  
  41  5:26  Pneumatized Carapace  
  42  5:46  Extractor, Zerg Melee Weapons Level 1  
  42  5:48  Zergling x10  
  42  5:49  Zergling x4  
  49  5:50  Drone  
  48  6:03  Drone x3  
  51  6:12  Overseer  
  51  6:14  Queen  
  53  6:19  Drone  
  53  6:20  Drone x3  
  53  6:21  Overlord x2  
  57  6:36  Zergling x2  
  57  6:37  Overlord  
  57  6:38  Queen  
  59  6:41  Overlord x2, Hydralisk Den  
  58  6:51  Drone x3  
  61  6:59  Zergling x2  
  61  7:00  Zergling x8  
  66  7:06  Zergling x4  
  66  7:21  Baneling  
  58  7:25  Zergling x10  
  58  7:26  Zergling x10  
  64  7:34  Zergling x6  
  64  7:44  Zergling x2  
  60  7:54  Hatchery  
  59  7:59  Zerg Ground Armor Level 1  
  59  8:03  Evolution Chamber  
  59  8:04  Grooved Spines  
  59  8:05  Hydralisk x5  
  62  8:08  Drone x3  
  71  8:14  Queen  
  73  8:40  Hydralisk  
  73  8:41  Hydralisk x3  
  75  8:46  Drone, Extractor  
  75  8:47  Extractor, Drone x7  
  87  9:03  Hatchery  
  86  9:10  Drone x4  
  86  9:14  Extractor  
  86  9:15  Extractor  
  87  9:26  Baneling  
  87  9:29  Centrifical Hooks  
  87  9:33  Hydralisk  
  87  9:35  Zergling x2  
  87  9:37  Overlord x4  
  90  9:41  Baneling x3  
  90  9:43  Baneling  
  75  10:05  Zergling x2  
  75  10:06  Zergling x18  
  73  10:15  Zergling x4  
  72  10:33  Baneling  
  72  10:34  Baneling x4  
  72  10:36  Zergling x2  
  72  10:37  Zergling x14  
Show
View Real Time Build Order
Export as new Build Order

KycTuk Protoss - Winner!

Build Orders:  

Get SALT Encoding   

  12  0:01  Probe  
  13  0:13  Probe  
  14  0:24  Pylon  
  14  0:25  Probe  
  15  0:38  Probe  
  15  0:42  Gateway  
  16  0:46  Probe  
  16  0:55  Assimilator  
  16  0:56  Probe  
  18  1:17  Pylon  
  17  1:33  Cybernetics Core, Probe  
  18  1:41  Probe  
  19  1:50  Probe  
  19  1:53  Nexus  
  20  2:02  Probe  
  20  2:03  Assimilator, Stalker  
  23  2:17  Probe  
  24  2:43  Robotics Facility  
  24  2:47  Probe  
  24  2:48  Stalker  
  27  2:53  Shield Battery  
  27  2:59  Probe  
  27  3:21  Immortal  
  27  3:26  Stalker  
  33  3:36  Gateway  
  33  3:39  Pylon  
  33  4:02  Immortal  
  37  4:12  Probe  
  38  4:20  Warp Gate  
  38  4:21  Sentry  
  40  4:24  Probe  
  40  4:27  Shield Battery x2  
  40  4:30  Pylon  
  40  4:51  Gateway, Probe x2  
  38  4:53  Gateway  
  38  5:01  Stalker  
  38  5:04  Sentry  
  42  5:17  Probe x2  
  42  5:20  Observer  
  45  5:25  Probe x2  
  45  5:33  Probe  
  45  5:34  Probe  
  47  5:41  Warp Prism  
  51  5:44  Forge  
  51  5:50  Pylon  
  51  6:04  Probe x2  
  53  6:11  Shield Battery  
  53  6:16  Probe x2  
  55  6:18  Pylon  
  55  6:20  Pylon  
  55  6:22  Pylon  
  55  6:23  Pylon  
  55  6:28  Probe x2  
  57  6:36  Stalker x2  
  57  6:38  Zealot  
  63  6:40  Probe  
  64  6:50  Stalker  
  66  7:12  Zealot x3  
  66  7:13  Zealot  
  70  7:26  Warp Prism  
  70  7:42  Zealot x4  
  68  7:57  Gateway  
  68  7:58  Gateway  
  66  7:59  Gateway  
  66  8:00  Shield Battery  
  66  8:02  Shield Battery, Probe x2  
  66  8:04  Photon Cannon  
  68  8:06  Assimilator  
  68  8:09  Zealot x3, Assimilator  
  68  8:10  Zealot  
  68  8:11  Protoss Ground Weapons Level 1  
  76  8:19  Immortal  
  80  8:50  Zealot x4  
  88  8:58  Immortal  
  92  9:03  Twilight Council  
  92  9:05  Stargate  
  92  9:27  Nexus  
  92  9:28  Pylon  
  92  9:39  Observer  
  93  9:54  Zealot x3  
  93  9:55  Zealot x3  
  79  10:12  Zealot  
  81  10:20  Templar Archives  
  79  10:23  Zealot x3  
  79  10:24  Zealot  
  87  10:33  Zealot x2  
  91  10:56  Zealot x4  
  91  10:57  Zealot x2  
Tags
 
Add a new tag
Caveats
  • Supply blocks, unpowered buildings, or Contaminate may cause inaccurate times.
  • Supply counts are checked every 10 seconds.